 Dungeon Crawl Stone Soup version 0.29.0-11-gd7f09526c8 (webtiles) character file.

Game seed: 10906620783385535248

38 Arum the Shield-Bearer (level 3, -13/29 (30) HPs)
             Began as a Formicid Fighter on Sept 5, 2022.
             Mangled by a +2 glaive of electrocution (14 damage)
             ... created by the rancor of the Wu Jian Council
             ... on level 2 of the Dungeon.
             The game lasted 00:01:30 (959 turns).

Arum the Shield-Bearer (Formicid Fighter)            Turns: 959, Time: 00:01:31

HP:   -13/29 (30)   AC:  0    Str: 22    XL:     3   Next: 65%
MP:   3/3           EV:  9    Int:  7    God:
Gold: 77            SH:  0    Dex: 13    Spells: 2/2 levels left

rFire   . . .      SeeInvis +   a - +0 quarterstaff
rCold   . . .      Faith    +   c - +0 buckler
rNeg    . . .      Spirit   .   b - +0 scale mail
rPois   .          Reflect  .   (helmet unavailable)
rElec   .          Harm     .   (no cloak)
rCorr   .          Rampage  .   (no gloves)
Will    .....                   (no boots)
Stlth   ..........              h - amulet of faith
HPRegen 0.09/turn               (no ring)
MPRegen 0.08/turn               (no ring)

@: confused, corroded, lightly drained
A: permanent stasis, dig shafts and tunnels, antennae 3, four strong arms
a: Dig, Shaft Self


You were on level 2 of the Dungeon.
You visited 1 branch of the dungeon, and saw 2 of its levels.

You collected 77 gold pieces.

Inventory:

Hand Weapons
 a - a +0 quarterstaff (weapon)
Armour
 b - a +0 scale mail (worn)
 c - a +0 buckler (worn)
Jewellery
 h - an amulet of faith (around neck)
Potions
 d - a potion of might
 e - a potion of lignification {unknown}
 f - a potion of curing {unknown}


   Skills:
 + Level 3.8 Fighting
 + Level 2.6 Staves
 + Level 3.9 Armour
 - Level 4.0 Shields


You had 2 spell levels left.
You didn't know any spells.
Your spell library was empty.

Dungeon Overview and Level Annotations

Branches:
Dungeon (2/15)

Altars:
Wu Jian


Innate Abilities, Weirdness & Mutations

You cannot be hasted, slowed, berserked, paralysed or teleported.
You can dig through walls and to a lower floor.
You have a pair of large antennae on your head. (SInv)
Your four strong arms can wield two-handed weapons with a shield.


Message History

You kill the jackal!
The jackal bites you. The goblin hits you but does no damage.
The jackal bites you but does no damage.
Unknown command.
The goblin unwields a +0 dagger.
The goblin wields a +0 sling.
The goblin shoots a sling bullet.
You block the sling bullet.
The jackal bites you but does no damage.
The jackal attacks as you move away! The jackal bites you.
You see here 10 gold pieces.
The jackal attacks as you move away!
The jackal bites you but does no damage.
You see here a giant cockroach corpse.
The jackal attacks as you move away! The jackal barely misses you.
The jackal bites you but does no damage.
Sifu Xiang Ba says: Suffer, mortal!
The rancor of the Wu Jian Council corrodes you!
The divine experience confuses you!
You are confused. 5 dancing weapons come into view.
There is a +3 quarterstaff of freezing.
There is a +2 glaive of electrocution.
There is a +0 quarterstaff of speed.
There is a +0 quarterstaff of electrocution.
There is a +0 dire flail of freezing.
Unknown command.
Unknown command.
Unknown command.
Unknown command.
You barely miss the +0 dire flail of freezing.
The jackal bites you. x2
Unknown command.
You thump the jackal!
You kill the jackal!
The jackal bites you.
You bump into the rock wall.
The +3 quarterstaff of freezing hits you.
The +3 quarterstaff of freezing freezes you.
The +0 dire flail of freezing hits you.
* * * LOW HITPOINT WARNING * * *
The +0 dire flail of freezing freezes you.
* * * LOW HITPOINT WARNING * * *
The jackal bites you.
* * * LOW HITPOINT WARNING * * *
The +2 glaive of electrocution hits you from afar!
You die...

.# .. ## . .[# .#..#
####...#### #
#####.........
###.#.....<# .####
##...((###.####......
.....((@hrg......#
####.#####...†..##
#..=(###.# #....#..
.>. #..###... ....
...# ....!.... .#..
......... #.
.........


You could see 4 dancing weapons, a jackal, a goblin and a rat.

Vanquished Creatures
  A gnoll (D:1)
  3 giant cockroaches
  4 goblins (D:1)
  A hobgoblin (D:1)
  3 jackals (D:2)
  2 quokkas
  4 ball pythons (D:1)
  A bat (D:1)
  6 kobolds (D:1)
  A rat (D:1)
26 creatures vanquished.

Notes
Turn   | Place    | Note
-------+----------+-------------------------------------------
     0 | D:1      | Arum the Formicid Fighter began the quest for the Orb.
     0 | D:1      | Reached XP level 1. HP: 18/18 MP: 1/1
   222 | D:1      | Reached XP level 2. HP: 24/24 MP: 2/2
   356 | D:1      | Reached XP level 3. HP: 16/30 MP: 3/3
   696 | D:1      | Found a faded altar of an unknown god.
   712 | D:1      | Prayed at the altar of an unknown god.
   712 | D:1      | Became a worshipper of the Wu Jian Council
   712 | D:1      | Reached * piety under Wu Jian
   739 | D:1      | Fell from the grace of Wu Jian
   766 | D:1      | Noticed a +4 dire flail of freezing
   766 | D:1      | Noticed a +1 broad axe of flaming
   766 | D:1      | Noticed a +1 vorpal broad axe
   766 | D:1      | Noticed a +0 broad axe of flaming
   957 | D:2      | Noticed a +3 quarterstaff of freezing
   957 | D:2      | Noticed a +2 glaive of electrocution
   957 | D:2      | Noticed a +0 quarterstaff of speed
   957 | D:2      | Noticed a +0 quarterstaff of electrocution
   957 | D:2      | Noticed a +0 dire flail of freezing
   959 | D:2      | HP: 1/29 [jackal (2)]
   959 | D:2      | Mangled by a +2 glaive of electrocution

Illustrated notes

Levels and vault maps discovered:
D:1:      ebering_trefoil_twist, layout_loops_ring,
          shapermc_ecumenical_altar_pompeii, minmay_misc_feat_rows
D:2:      layout_rooms

Action                   || total
-------------------------++-------
Melee: Quarterstaff      ||    94
Invok: Renounce Religion ||     1
 Abil: Dig               ||     1
Armor: Scale mail        ||    49
Dodge: Dodged            ||    60
Block: Buckler           ||    40
